Map: Ruins of Seras

Players

BLAite

  • Race: Protoss Protoss
  • League: Diamond

ILLBdA - Winner!

  • Race: Protoss Protoss
  • League: Diamond

VOD

Have the link to the VOD?

Description

Time

  • Played on: Dec. 11, 2015, 8:59 a.m.
  • Length: 7:48
Show
View Real Time Build Order
Export as new Build Order

BLAite Protoss 

Build Orders: Oracle Opening 

Get SALT Encoding   

  12  0:01  Probe (Chrono Boost)  
  13  0:11  Probe (Chrono Boost)  
  14  0:18  Pylon  
  14  0:22  Probe (Chrono Boost)  
  15  0:37  Probe (Chrono Boost)  
  15  0:38  Gateway  
  16  0:47  Probe (Chrono Boost), Assimilator  
  17  0:57  Assimilator  
  17  1:00  Pylon  
  17  1:02  Probe (Chrono Boost)  
  18  1:12  Probe (Chrono Boost)  
  19  1:23  Probe (Chrono Boost)  
  20  1:26  Cybernetics Core  
  20  1:33  Probe (Chrono Boost)  
  21  1:44  Probe (Chrono Boost)  
  22  1:54  Probe (Chrono Boost)  
  23  2:03  Adept (Chrono Boost), Stargate  
  23  2:05  Probe  
  23  2:06  Warp Gate  
  26  2:18  Probe  
  27  2:23  Pylon  
  27  2:28  Adept (Chrono Boost)  
  29  2:30  Probe  
  30  2:43  Probe  
  31  2:46  Oracle (Chrono Boost)  
  34  3:03  Nexus  
  34  3:11  Pylon  
  34  3:14  Mothership Core (Chrono Boost)  
  36  3:32  Probe (Chrono Boost)  
  37  3:34  Stalker  
  39  3:42  Gateway  
  39  3:43  Gateway, Probe (Chrono Boost)  
  40  3:53  Probe (Chrono Boost)  
  41  4:04  Probe (Chrono Boost)  
  42  4:14  Probe (Chrono Boost)  
  43  4:19  Probe (Chrono Boost)  
  44  4:25  Probe (Chrono Boost)  
  44  4:29  Probe (Chrono Boost)  
  46  4:31  Assimilator  
  46  4:35  Probe (Chrono Boost), Assimilator  
  46  4:36  Robotics Facility  
  47  4:39  Pylon  
  47  4:40  Probe (Chrono Boost)  
  47  4:43  Stalker  
  47  4:44  Stalker  
  52  4:46  Probe (Chrono Boost)  
  51  5:00  Probe (Chrono Boost)  
  51  5:01  Probe (Chrono Boost)  
  51  5:11  Probe (Chrono Boost)  
  51  5:13  Stalker  
  51  5:14  Stalker x2  
  51  5:21  Twilight Council  
  55  5:22  Forge  
  55  5:25  Observer (Chrono Boost)  
  56  5:36  Pylon  
  56  5:44  Observer (Chrono Boost), Pylon  
  56  5:46  Stalker x3  
  63  5:50  Blink (Chrono Boost)  
  63  5:51  Probe  
  63  5:52  Probe  
  63  5:53  Protoss Ground Weapons Level 1  
  65  6:02  Observer (Chrono Boost)  
  65  6:03  Probe  
  67  6:04  Photon Cannon  
  67  6:11  Photon Cannon  
  67  6:27  Immortal (Chrono Boost)  
  69  6:36  Stalker x3  
  65  6:53  Mothership Core, Gateway x2  
  59  7:04  Stalker x2  
  59  7:06  Stalker  
  57  7:33  Stalker x2  
  57  7:34  Stalker  
Show
View Real Time Build Order
Export as new Build Order

ILLBdA Protoss - Winner!

Build Orders: Nexus First, Zealot Archon, Dark Templar Rush 

Get SALT Encoding   

  12  0:01  Probe (Chrono Boost)  
  13  0:11  Probe (Chrono Boost)  
  14  0:18  Pylon  
  14  0:22  Probe (Chrono Boost)  
  15  0:36  Probe (Chrono Boost)  
  16  0:47  Probe (Chrono Boost)  
  17  0:58  Nexus  
  17  1:08  Gateway  
  17  1:12  Probe (Chrono Boost)  
  18  1:20  Assimilator  
  18  1:25  Probe (Chrono Boost), Assimilator  
  19  1:36  Probe (Chrono Boost)  
  20  1:42  Gateway  
  20  1:46  Probe (Chrono Boost)  
  21  1:58  Probe (Chrono Boost)  
  21  1:59  Cybernetics Core  
  22  2:04  Pylon  
  22  2:08  Probe (Chrono Boost)  
  22  2:11  Probe (Chrono Boost)  
  24  2:19  Probe (Chrono Boost)  
  24  2:22  Probe (Chrono Boost)  
  26  2:35  Stalker x2 (Chrono Boost)  
  30  2:38  Warp Gate  
  30  2:46  Twilight Council  
  30  2:49  Probe  
  31  2:51  Probe  
  32  3:04  Probe x2, Pylon  
  34  3:17  Probe (Chrono Boost)  
  34  3:18  Probe (Chrono Boost)  
  36  3:24  Dark Shrine  
  36  3:32  Mothership Core (Chrono Boost)  
  38  3:36  Stalker  
  38  3:40  Stalker, Pylon  
  40  3:43  Probe (Chrono Boost)  
  40  3:47  Gateway  
  43  4:06  Stalker  
  43  4:09  Probe x2 (Chrono Boost)  
  46  4:19  Probe (Chrono Boost)  
  46  4:20  Blink (Chrono Boost)  
  46  4:21  Probe (Chrono Boost)  
  46  4:30  Probe (Chrono Boost)  
  42  4:33  Probe (Chrono Boost)  
  43  4:40  Probe (Chrono Boost)  
  43  4:42  Dark Templar  
  47  4:45  Probe (Chrono Boost)  
  47  4:51  Probe (Chrono Boost)  
  47  4:57  Probe (Chrono Boost)  
  42  5:12  Dark Templar  
  44  5:21  Stalker  
  44  5:24  Gateway  
  44  5:25  Gateway  
  46  5:44  Stalker x2  
  50  5:50  Archon  
  50  5:57  Probe  
  51  5:59  Stalker  
  53  6:05  Probe  
  53  6:07  Stalker  
  53  6:09  Pylon  
  56  6:16  Stalker  
  50  6:49  Stalker x3  
  50  6:50  Stalker  
  50  7:24  Stalker x2  
  50  7:25  Stalker  
  54  7:43  Stalker x2  
Tags
 
Add a new tag
Caveats
  • Supply blocks, unpowered buildings, or Contaminate may cause inaccurate times.
  • Supply counts are checked every 10 seconds.